 Dungeon Crawl Stone Soup version 0.32-a0-705-g60f233581c (webtiles) character file.

Game seed: 5412257508841725689

667 Xpym the Conjurer (level 7, -7/50 HPs)
             Began as a Ghoul Earth Elementalist on Mar 14, 2024.
             Was an Initiate of Vehumet.
             Killed from afar by an orc wizard (8 damage)
             ... with a magic dart
             ... on level 8 of the Dungeon.
             The game lasted 00:14:11 (4998 turns).

Xpym the Conjurer (Ghoul Earth Elementalist)        Turns: 4998, Time: 00:14:12

Health: -7/50      AC:  3    Str: 12    XL:     7   Next: 57%
Magic:  6/11       EV: 11    Int: 16    God:    Vehumet [......]
Gold:   223        SH:  0    Dex:  9    Spells: 4/12 levels left

rFire   + . .        b - staff of fire
rCold   + . .        (no shield)
rNeg    + + +        j - +0 robe
rPois   ∞            e - +1 hat
rElec   .            (no cloak)
rCorr   .            (no gloves)
SInv    .            (no boots)
Will    .....        (no amulet)
Stlth   ++           (no ring)
HPRegen 0.00/turn    (no ring)
MPRegen 0.12/turn

%: no passive effects
@: inhibited regen, slowed, very slow
A: claws 1, cold resistance 1, negative energy resistance 3, inhibited
regeneration, torment resistance 2, devour on kill
a: Renounce Religion


You were on level 8 of the Dungeon.
You worshipped Vehumet.
Vehumet was noncommittal.
You visited 1 branch of the dungeon, and saw 6 of its levels.

You collected 223 gold pieces.


Innate Abilities, Weirdness & Mutations

You are immune to poison.
You have sharp fingernails.
Your flesh is cold resistant. (rC+)
You are immune to negative energy. (rN+++)
You do not regenerate when monsters are visible.
You are immune to unholy pain and torment.
You thrive by killing the living.


   Skills:
 - Level 1.7 Dodging
 - Level 2.1 Stealth
 - Level 3.0 Spellcasting
 + Level 5.3 Conjurations
 + Level 5.2 Earth Magic


You had 4 spell levels left.
You knew the following spells:

 Your Spells              Type           Power      Damage    Failure   Level
a - Passwall              Erth           19%        N/A       6%          3
m - Magic Dart            Conj           76%        1d6       2%          1
w - Stone Arrow           Conj/Erth      38%        3d9       6%          3
z - Sandblast             Erth           38%        2d10      2%          1

Your spell library contained the following spells:

 Spells                   Type           Power      Damage    Failure   Level
 Brom's Barrelling Bould  Conj/Erth      19%        2d4       22%         4
 Blink                    Tloc           4%         N/A       28%         2
 Call Imp                 Summ           4%         N/A       28%         2
 Petrify                  Alch/Erth      10%        N/A       54%         4
 Borgnjor's Vile Clutch   Necr/Erth      5%         N/A       87%         5
 Alistair's Intoxication  Alch           1%         N/A       99%         5
 Eringya's Noxious Bog    Alch           1%         4d6       100%        6

Inventory:

Hand Weapons
 a - a +1 whip of venom
Missiles
 f - 10 poisoned darts
Armour
 e - a +1 hat (worn)
 j - a +0 robe (worn)
Magical Staves
 b - a staff of fire (weapon)
Jewellery
 L - a ring of flight
Wands
 h - a wand of warping (1)
Scrolls
 c - a scroll of enchant armour {unknown}
 d - a scroll of poison {unknown}
 g - a scroll of silence {unknown}
 o - a scroll of enchant weapon {unknown}
 r - a scroll of teleportation {unknown}
Potions
 i - a potion of haste {@q3}
 k - a potion of lignification
 l - a potion of berserk rage {unknown}
 m - a potion of brilliance
 n - a potion of enlightenment
 p - a potion of might {unknown}
 q - a potion of cancellation {unknown}

Dungeon Overview and Level Annotations

Branches:
Dungeon (8/15)
 Temple: D:4-7         Lair: D:8-11

Altars:
Hepliaklqana
Qazlal
Ru
Vehumet

Annotations:
D:2 Sigmund
D:5 2 runed translucent doors

..o. .... ....o # ....#
... ....### #z..# ##
#+#...####...#
#.##.##.....z.z# #
#.#.##.@.#........
####.
##.....#.#######.#
......#...>#.†.#######.
#......#..........
###...############
##.## #.# #.# #.#


You could see 3 wights and 2 orc wizards.


Message History

* * * LOW HITPOINT WARNING * * *
The wraith drains your vigour!
You feel yourself slow down. The wraith hits you.
* * * LOW HITPOINT WARNING * * *
You take 14 damage, and have 1/50 hp.
MASSIVE DAMAGE!!
You now have 5/11 mp.
Aiming: Warp Space
Press: ? - help, Shift-Dir - straight line, p - wraith Space twists violently!
The rupture engulfs the wraith!
The wraith blinks!
The wraith is severely damaged.
You hear a shout!
Aiming: Warp Space
Press: ? - help, Shift-Dir - straight line, f - wraith
Aim: a wraith (severely damaged) Space twists violently!
The rupture engulfs the wraith!
You destroy the wraith!
Vehumet accepts your kill.
You hear a shout!
A wight comes into view. It is wielding a +0 heavy hand axe.
A wight comes into view.
It is wielding a +0 hand axe and carrying a wand of polymorph.
A wight comes into view. It is wielding a +4 scimitar.
Training target 3.0 for Spellcasting reached!
Your Spellcasting skill increases to level 3!
Your Earth Magic skill increases to level 5!
An orc wizard comes into view. It is wielding a +0 dagger.
The orc wizard shouts!
An orc wizard comes into view. It is wielding a +0 dagger.
The orc wizard shouts!
The orc wizard points at you and mumbles some strange words.
The magic dart hits you!
You die...

Skill      XL: |  1  2  3  4  5  6  7 |
---------------+----------------------+-----
Conjurations   | 1 2 3 4 5 |  5.3
Spellcasting   | 2 3 |  3.0
Earth Magic    | 4 5 |  5.2
Dodging        | |  1.7
Stealth        | |  2.1

Action                     |  1- 3 |  4- 6 |  7- 9 || total
---------------------------+-------+-------+-------++-------
  Melee: Dagger            |     7 |       |       ||     7
         Whip              |       |     5 |       ||     5
         Staff             |       |     1 |       ||     1
   Cast: Sandblast         |    59 |    66 |     7 ||   132
         Magic Dart        |     6 |    20 |       ||    26
  Evoke: Wand              |       |       |     2 ||     2
    Use: Potion            |     2 |       |       ||     2
         Scroll            |       |     6 |       ||     6
 Armour: Robe              |    34 |    33 |     8 ||    75
  Dodge: Dodged            |    21 |    28 |     4 ||    53

Levels and vault maps discovered:
D:1:      lightli_iron_boxes, layout_basic
D:2:      layout_basic, basic_altar, uniq_sigmund
D:3:      layout_loops_corners, nicolae_tso_carved_into_rock,
          chequers_temple_overflow_statue_of_worship
D:4:      layout_rooms
D:5:      layout_basic, ebering_ghost_rock_garden, sword_in_stone
D:8:      layout_loops_corners, trog_three_pillars_becter, lair_entry_dummy,
          minmay_misc_feat_iff

Notes
Turn   | Place    | Note
-------+----------+-------------------------------------------
     0 | D:1      | Xpym the Ghoul Earth Elementalist began the quest for the
                  | Orb.
     0 | D:1      | Reached XP level 1. HP: 14/14 MP: 3/3
   235 | D:1      | Reached skill level 1 in Conjurations
   298 | D:1      | Reached skill level 2 in Spellcasting
   298 | D:1      | Reached XP level 2. HP: 20/20 MP: 3/5
   995 | D:2      | Reached XP level 3. HP: 26/26 MP: 3/6
  1118 | D:2      | Found a sacrificial altar of Ru.
  1484 | D:2      | Identified the +0 ring mail of the Merchant {Dex+3}
  1500 | D:2      | Reached skill level 4 in Earth Magic
  1979 | D:2      | Noticed Sigmund
  2299 | D:2      | Learned a level 3 spell: Passwall
  2575 | D:3      | Learned a level 1 spell: Magic Dart
  2767 | D:3      | Found a hazy altar of Hepliaklqana.
  2769 | D:3      | Found a stormy altar of Qazlal.
  2770 | D:3      | Found a radiant altar of Vehumet.
  2781 | D:3      | Became a worshipper of Vehumet
  3227 | D:4      | Reached skill level 2 in Conjurations
  3229 | D:4      | Reached XP level 4. HP: 32/33 MP: 0/7
  3307 | D:4      | Noticed a scorpion
  3368 | D:4      | HP: 1/33 [scorpion (5)]
  3369 | D:4      | Killed a scorpion
  3370 | D:4      | Reached skill level 3 in Conjurations
  3370 | D:4      | Reached XP level 5. HP: 1/38 MP: 0/8
  3805 | D:4      | Reached skill level 4 in Conjurations
  4007 | D:4      | Noticed a phantom
  4109 | D:4      | Killed a phantom
  4110 | D:4      | Reached XP level 6. HP: 28/45 MP: 0/9
  4301 | D:4      | Learned a level 3 spell: Stone Arrow
  4397 | D:5      | Entered Level 5 of the Dungeon
  4664 | D:5      | Found a runed translucent gate.
  4664 | D:5      | Found a runed translucent gate.
  4705 | D:5      | Noticed a black bear
  4911 | D:5      | You fall into a shaft and drop 3 floors!
  4919 | D:8      | Noticed a black bear
  4924 | D:8      | Killed a black bear
  4925 | D:8      | Reached skill level 5 in Conjurations
  4925 | D:8      | Reached XP level 7. HP: 34/50 MP: 4/11
  4984 | D:8      | Noticed a wraith
  4993 | D:8      | HP: 1/50 [wraith (6)]
  4995 | D:8      | Killed a wraith
  4996 | D:8      | Reached skill level 3 in Spellcasting
  4996 | D:8      | Reached skill level 5 in Earth Magic
  4998 | D:8      | Killed from afar by an orc wizard

Vanquished Creatures
  A wraith (D:8)
  A black bear (D:8)
  A phantom (D:4)
  A scorpion (D:4)
  A howler monkey (D:5)
  A bombardier beetle (D:5)
  3 hounds
  A jelly (D:5)
  An adder (D:4)
  4 gnolls (D:4)
  A ribbon worm (D:4)
  5 orcs
  4 ball pythons
  7 bats
  4 endoplasms
  2 giant cockroaches
  5 goblins
  5 hobgoblins
  3 quokkas
  6 kobolds
  2 rats
59 creatures vanquished.

Table legend: (Time is in decaauts)
 A = Elapsed time spent in this place.
 B = Non-inter-level travel time spent in this place.
 C = Inter-level travel time spent in this place.
 D = Time resting spent in this place.
 E = Time spent auto-exploring this place.
 F = Levels seen in this place.
 G = Mean time per level.
                   A        B        C        D        E       F      G
               +--------+--------+--------+--------+--------+-----+--------+
         Total |   5071 |   4617 |    454 |    379 |   3492 |   6 |  845.2 |
       Dungeon |   5071 |   4617 |    454 |    379 |   3492 |   6 |  845.2 |
               +--------+--------+--------+--------+--------+-----+--------+

Top non-repeatable levels by time:
     D:4: 1368 daAuts
     D:2: 1314 daAuts
     D:3: 1172 daAuts
     D:1: 865 daAuts
     D:5: 254 daAuts
     D:8: 96 daAuts

Table legend:
 A = Non-vault XP
 B = Vault XP
 C = Vault XP percentage of total XP
 D = Non-vault monster count
 E = Vault monster count
 F = Vault count percentage of total count
                 A         B        C        D         E       F
            +---------+---------+-------+---------+---------+-------
      Total |     953 |       0 |   0.0 |      59 |       0 |   0.0
            +---------+---------+-------+---------+---------+-------
        D:1 |      24 |       0 |   0.0 |      14 |       0 |   0.0
        D:2 |      24 |       0 |   0.0 |      15 |       0 |   0.0
        D:3 |      18 |       0 |   0.0 |       8 |       0 |   0.0
        D:4 |     363 |       0 |   0.0 |      16 |       0 |   0.0
        D:5 |     184 |       0 |   0.0 |       4 |       0 |   0.0
        D:8 |     340 |       0 |   0.0 |       2 |       0 |   0.0
            +---------+---------+-------+---------+---------+-------
